 Dungeon Crawl Stone Soup version 0.25-a0-110-ge29c8f2358 (webtiles) character file.

Game seed: 16814784568877533351, levelgen mode: deterministic

1047 Jonno the Archer (level 8, -1/66 HPs)
             Began as a Centaur Arcane Marksman on Nov 19, 2019.
             Was an Initiate of Dithmenos.
             Hit by a boomerang thrown by an orc (4 damage)
             ... on level 5 of the Dungeon.
             The game lasted 01:29:14 (8619 turns).

Jonno the Archer (Centaur Arcane Marksman)          Turns: 8619, Time: 01:29:14

Health: -1/66      AC:  6    Str: 13    XL:     8   Next: 5%
Magic:  9/9        EV:  9    Int: 16    God:    Dithmenos [......]
Gold:   217        SH:  0    Dex: 12    Spells: 8/9 levels left

rFire    + . .     SeeInvis .   b - +0 trident
rCold    . . .     Gourm    .   (no shield)
rNeg     . . .     Faith    .   J - +1 leather armour {rF+}
rPois    .         Spirit   .   (no helmet)
rElec    .         Reflect  .   (no cloak)
rCorr    .         Harm     .   E - +0 pair of gloves
MR       .....                  (no barding)
Stlth    +.........             (no amulet)
HPRegen  0.21/turn              l - +4 ring of intelligence
MPRegen  0.11/turn              (no ring)

@: heavily drained, very quick
A: large, hooves 3, deformed body, speed 2, tough skin 3
a: Renounce Religion


You were on level 5 of the Dungeon.
You worshipped Dithmenos.
Dithmenos was noncommittal.
You were not hungry.

You visited 2 branches of the dungeon, and saw 7 of its levels.

You collected 217 gold pieces.

Inventory:

Hand Weapons
 a - a +0 shortbow
 b - a +0 trident (weapon)
 c - a +0 hunting sling
 d - a +1 dagger of draining
 g - a +0 dagger
 B - a +0 quarterstaff
 F - a +0 dagger of draining
 I - a +0 rapier of draining
Missiles
 i - 18 poisoned darts (quivered)
 m - 137 stones
 o - an arrow
 D - 27 bolts
Armour
 e - a +0 robe
 h - a +0 robe
 E - a +0 pair of gloves (worn)
 G - a +0 leather armour
 J - a +1 leather armour of fire resistance (worn)
Jewellery
 l - a +4 ring of intelligence (left hand)
Wands
 w - a wand of clouds (4)
Scrolls
 k - a scroll of magic mapping {unknown}
 n - 3 scrolls of enchant armour {unknown}
 q - 2 scrolls of noise {unknown}
 s - 4 scrolls of teleportation {unknown}
 t - 7 scrolls of identify {unknown}
 u - a scroll of amnesia {unknown}
 v - 2 scrolls of random uselessness {unknown}
 y - 2 scrolls of enchant weapon {unknown}
Potions
 j - 3 potions of curing
 p - 4 potions of mutation {unknown}
 r - a potion of ambrosia {unknown}
 x - a potion of agility {unknown}
 z - a potion of haste {unknown}
 A - a potion of lignification {unknown}
 C - a potion of degeneration {unknown}
 H - a potion of might
Comestibles
 f - 4 rations


   Skills:
 + Level 3.7(2.3) Fighting
 + Level 0.5(0.0) Short Blades
 + Level 2.0(0.6) Polearms
 + Level 2.4(1.5) Slings
 + Level 8.1(6.5) Bows
 + Level 2.2(1.4) Throwing
 + Level 1.4(0.1) Armour
 + Level 2.3(1.0) Dodging
 + Level 0.5(0.0) Stealth
 + Level 1.0(0.0) Spellcasting
 + Level 3.2(1.8) Hexes
 + Level 0.1(0.0) Evocations


You had 8 spell levels left.
You knew the following spells:

 Your Spells              Type           Power        Failure   Level  Hunger
a - Corona                Hex            #......      16%         1    ##.....

Your spell library contained the following spells:

 Spells                   Type           Power        Failure   Level  Hunger
 Slow                     Hex            #.......     24%         2    ###....
 Flame Tongue             Conj/Fire      #....        32%         1    ##.....
 Throw Flame              Conj/Fire      #.....       43%         2    ###....
 Inner Flame              Hex/Fire       #.......     56%         3    ####...
 Portal Projectile        Hex/Tloc       #.....       56%         3    ####...
 Conjure Flame            Conj/Fire      #.......     67%         3    ####...
 Cause Fear               Hex            #.........   83%         4    #####..
 Leda's Liquefaction      Hex/Erth       #.........   92%         4    #####..
 Sticky Flame             Conj/Fire      #.......     97%         4    #####..
 Fireball                 Conj/Fire      #.........   100%        5    ######.


Dungeon Overview and Level Annotations

Branches:
Dungeon (6/15)             Temple (1/1) D:6

Altars:
Ashenzari
Cheibriados
Dithmenos
Elyvilon
Fedhas
Gozag
Hepliaklqana
Kikubaaqudgha
Makhleb
Nemelex Xobeh
Okawaru
Qazlal
Ru
Sif Muna
Trog
Uskayaw
Wu Jian
Xom
Yredelemnul
Zin
The Shining One

Annotations:
D:4 Prince Ribbit
D:5 Grinder


Innate Abilities, Weirdness & Mutations

You have hooves in place of feet.
Armour fits poorly on your strangely shaped body.
You cover ground very quickly.
You have extremely tough skin. (AC +3)


Message History

The orc is heavily wounded.
The orc barely misses you.
You hit the orc but do no damage.
The orc is heavily wounded.
The orc hits you with the +8 halberd "Hos Baed" {protect, rF+ Dex+6}.
* * * LOW HITPOINT WARNING * * *
You closely miss the orc. You kick the orc, but do no damage.
The orc is heavily wounded.
The orc hits you with the +8 halberd "Hos Baed" {protect, rF+ Dex+6}.
* * * LOW HITPOINT WARNING * * *
The orc hits you from afar with the +8 halberd "Hos Baed" {protect, rF+ Dex+6}.
* * * LOW HITPOINT WARNING * * *
You see here 21 stones.
The orc throws a boomerang.
The boomerang barely misses you.
The weapon returns to the orc!
The orc throws a boomerang.
The boomerang hits you.
* * * LOW HITPOINT WARNING * * *
The weapon returns to the orc!
The orc throws a boomerang.
The boomerang hits you.
You die...

## ###### .## .#.#.#.# ..#
.#...#...# #..# ##.#.#.#.#.#
#.#.# #...#...#...#....#
#.#.#.#.#.#@#.#.#
#:..#...#...#..# ##
#.#.#.#.#.#.#.#
#...#...#...#....#
###.#.#.#(#.#.#.#.##########
#..#...#...#...#...........#
####.#.#.#o#.#.#.#.#......###.#
......).#...#...#....####.# #.#
.J...#.#(#.#.#.#.#.#.# #.# #.#


You could see an orc.

Vanquished Creatures
  Eustachio (D:4)
  A water moccasin (D:4)
  An ogre (D:4)
  2 scorpions
  A crimson imp (D:6)
  A bullfrog zombie (D:5)
  2 jellies (D:5)
  2 hounds
  A bullfrog skeleton (D:5)
  3 orc wizards
  A centaur skeleton (D:5)
  An iguana (D:5)
  2 worker ants
  3 gnolls (D:6)
  10 adders
  2 oozes (D:1)
  An adder zombie (D:5)
  A worm (D:2)
  4 leopard geckos
  10 orcs
  2 bats (D:2)
  A giant cockroach (D:2)
  6 goblins
  3 hobgoblins
  7 jackals (D:6)
  2 quokkas
  3 ball pythons
  2 ball python skeletons (D:4)
  6 frilled lizards
  7 kobolds
  A leopard gecko zombie (D:5)
  8 rats
98 creatures vanquished.

Notes
Turn   | Place    | Note
-------+----------+-------------------------------------------
     0 | D:1      | Jonno the Centaur Arcane Marksman began the quest for the
                  | Orb.
     0 | D:1      | Reached XP level 1. HP: 16/16 MP: 2/2
   171 | D:1      | Reached XP level 2. HP: 22/23 MP: 3/3
   225 | D:1      | Reached skill level 3 in Bows
  1236 | D:2      | Reached XP level 3. HP: 28/28 MP: 4/4
  1237 | D:2      | Reached skill level 4 in Bows
  2185 | D:3      | Noticed a scorpion
  2213 | D:3      | Killed a scorpion
  2213 | D:3      | Reached skill level 5 in Bows
  2213 | D:3      | Reached XP level 4. HP: 35/35 MP: 5/5
  2520 | D:3      | You fall into a shaft and drop 1 floor!
  2541 | D:4      | Noticed an ogre
  2554 | D:4      | Reached skill level 6 in Bows
  2554 | D:4      | Reached XP level 5. HP: 41/41 MP: 6/6
  2638 | D:4      | Killed an ogre
  3194 | D:4      | Reached skill level 1 in Polearms
  3194 | D:4      | Reached XP level 6. HP: 18/48 MP: 7/7
  3585 | D:4      | Reached skill level 7 in Bows
  4289 | D:5      | Entered Level 5 of the Dungeon
  4289 | D:5      | Noticed Grinder
  4424 | D:6      | Found a staircase to the Ecumenical Temple.
  4473 | Temple   | Entered the Ecumenical Temple
  4576 | Temple   | Became a worshipper of Dithmenos the Shadowed
  5283 | D:6      | Reached skill level 1 in Throwing
  5565 | D:5      | Reached XP level 7. HP: 51/57 MP: 8/8
  5734 | D:5      | Found a shadowy altar of Dithmenos.
  5819 | D:5      | Noticed Prince Ribbit
  5827 | D:4      | Reached skill level 8 in Bows
  6417 | D:5      | Identified the +8 halberd "Hos Baed" {protect, rF+ Dex+6}
  6425 | D:5      | Noticed Eustachio
  7251 | D:4      | Killed Eustachio
  8149 | D:5      | Paralysed by Grinder for 2 turns
  8540 | D:5      | Reached skill level 1 in Armour
  8583 | D:5      | Reached XP level 8. HP: 61/66 MP: 9/9
  8618 | D:5      | HP: 3/66 [orc/boomerang (4)]
  8619 | D:5      | Hit by a boomerang thrown by an orc

Levels and vault maps discovered:
D:1:      evilmike_arrival_home_sweet_home, layout_rooms
D:2:      layout_basic, minmay_misc_feat_secret_circle
D:3:      layout_basic
D:4:      layout_loops_ring
D:5:      layout_loops_ring, first_ration, kennysheep_crisscross,
          kennysheep_cross_bottleneck, grunt_dithmenos_smoke, uniq_eustachio,
          uniq_grinder, uniq_prince_ribbit1
D:6:      layout_cave_pods, minmay_temple_entry_junction_2,
          minmay_strange_pillars
Temple:   minmay_crystal_snake_temple

Skill      XL: |  1  2  3  4  5  6  7  8 |
---------------+-------------------------+-----
Hexes          | 3 |  3.2
Bows           | 3 5 6 7 8 |  8.1
Fighting       | 2 3 |  3.7
Polearms       | 1 2 |  2.0
Throwing       | 1 2 |  2.2
Dodging        | 2 |  2.3
Slings         | 2 |  2.4
Armour         | 1 |  1.4
Short Blades   | |  0.5
Stealth        | |  0.5
Spellcasting   | |  1.0
Evocations     | |  0.1

Action                   |  1- 3 |  4- 6 |  7- 9 || total
-------------------------+-------+-------+-------++-------
Melee: Dagger            |     7 |       |    42 ||    49
       Kick              |     3 |    13 |    32 ||    48
       Trident           |    13 |   103 |   124 ||   240
 Fire: Shortbow          |   101 |   120 |    32 ||   253
       Hunting sling     |       |       |    72 ||    72
Throw: Dart              |     5 |    19 |     9 ||    33
Evoke: Wand              |       |       |     3 ||     3
  Use: Potion            |       |     1 |       ||     1
       Scroll            |       |       |     1 ||     1
 Stab: Confused          |       |       |     1 ||     1
  Eat: Ration            |     1 |     2 |     3 ||     6
Armor: Robe              |    21 |    43 |       ||    64
       Leather armour    |       |       |   108 ||   108
Dodge: Dodged            |    21 |    80 |   142 ||   243

Table legend:
 A = Non-vault XP
 B = Vault XP
 C = Vault XP percentage of total XP
 D = Non-vault monster count
 E = Vault monster count
 F = Vault count percentage of total count
                 A         B        C        D         E       F
            +---------+---------+-------+---------+---------+-------
      Total |    1293 |     203 |  13.6 |      97 |       1 |   1.0
            +---------+---------+-------+---------+---------+-------
        D:1 |      39 |       0 |   0.0 |      18 |       0 |   0.0
        D:2 |      48 |       0 |   0.0 |      20 |       0 |   0.0
        D:3 |     101 |       0 |   0.0 |       9 |       0 |   0.0
        D:4 |     471 |     203 |  30.1 |      15 |       1 |   6.2
        D:5 |     434 |       0 |   0.0 |      18 |       0 |   0.0
        D:6 |     200 |       0 |   0.0 |      17 |       0 |   0.0
            +---------+---------+-------+---------+---------+-------
